AoeStats
← Destroyer

Arabia

509549339Analyzed
3v3 RM · 5d ago on Sep 27, 2026· 56m 56s· 6 players
Game mode
Random Map
Map size
Normal (6 player)
Population
200
Speed
Normal
Resources
Standard
Victory
Conquest
Starting age
Dark Age
Ending age
Imperial Age
RankedLock teamsTeams togetherTeam positionsShared explorationLock speedFull tech treeHidden civsTurbo modeCheats
Victory
Defeat
🇨🇱 Magyars · Chile
1237
+11
🇨🇱 Maya · Chile
1153
+14
🇨🇱 Teutons · Chile
977
+22
🇪🇨 Varangians · Ecuador
1130
-16
🇪🇨 Vikings · Ecuador
1111
-16
🇪🇨 Saxons · Ecuador
1108
-15
Frank_alv10
6:43 Loom
9:24 Feudal Age
10:12 Double-Bit Axe
12:19 Fletching
14:09 Horse Collar
25:49 Castle Age
24:21 Padded Archer Armor
26:29 Bodkin Arrow
29:15 Leather Archer Armor
29:48 Crossbowman
30:28 Town Watch
32:02 Bow Saw
32:47 Heavy Plow
32:39 Gold Mining
35:04 Stone Mining
35:49 Gold Shaft Mining
35:56 Ballistics
56:29 Imperial Age
M!(ke
6:41 Loom
9:10 Feudal Age
13:09 Fletching
22:00 Castle Age
21:22 Gold Mining
21:20 Double-Bit Axe
21:42 Padded Archer Armor
22:11 Crossbowman
22:55 Bodkin Arrow
23:29 Horse Collar
26:38 Town Watch
30:35 Ballistics
31:48 Wheelbarrow
37:34 Imperial Age
38:36 Thumb Ring
38:58 Conscription
38:11 Arbalester
38:53 Bracer
40:02 Chemistry
41:36 Gold Shaft Mining
42:43 Leather Archer Armor
44:57 Ring Archer Armor
45:45 Scale Mail Armor
45:56 Forging
47:40 Chain Mail Armor
48:00 Iron Casting
Destroyer
7:43 Loom
9:54 Feudal Age
10:35 Double-Bit Axe
13:09 Bloodlines
13:14 Horse Collar
20:52 Wheelbarrow
23:21 Castle Age
23:35 Light Cavalry
24:27 Scale Barding Armor
24:32 Forging
25:17 Husbandry
25:45 Chain Barding Armor
33:51 Gold Mining
33:52 Stone Mining
37:52 Hand Cart
43:00 Fletching
45:38 Bodkin Arrow
46:20 Iron Casting
47:56 Elite Skirmisher
KukaHigh
5:33 Loom
9:22 Feudal Age
10:32 Double-Bit Axe
16:10 Bloodlines
17:22 Scale Barding Armor
18:15 Horse Collar
25:54 Castle Age
23:46 Gold Mining
24:51 Stone Mining
27:30 Chain Barding Armor
27:12 Heavy Plow
27:35 Bow Saw
31:32 Husbandry
36:31 Wheelbarrow
38:28 Town Watch
42:12 Hand Cart
46:52 Imperial Age
46:58 Cavalier
48:17 Plate Barding Armor
49:15 Fletching
49:58 Crop Rotation
50:05 Crop Rotation
50:37 Two-Man Saw
52:02 Town Patrol
52:29 Paladin
57:03 Conscription
SirCogollo
0:25 Loom
10:34 Feudal Age
11:39 Double-Bit Axe
15:25 Fletching
16:19 Padded Archer Armor
20:44 Horse Collar
30:58 Castle Age
30:59 Gold Mining
31:33 Bodkin Arrow
31:00 Crossbowman
31:57 Thumb Ring
32:10 Leather Archer Armor
33:29 Ballistics
40:20 Wheelbarrow
43:45 Imperial Age
44:21 Arbalester
45:03 Bracer
45:34 Ring Archer Armor
47:31 Chemistry
49:55 Conscription
52:40 Elite Plumed Archer
53:36 Town Watch
56:55 Town Patrol
Kaiser Pinochet
13:46 Feudal Age
20:03 Forging
19:59 Scale Barding Armor
20:34 Bloodlines
20:21 Town Watch
21:20 Horse Collar
22:45 Wheelbarrow
26:38 Castle Age
24:55 Stone Mining
29:37 Scale Mail Armor
30:43 Gold Mining
38:40 Imperial Age
36:00 Double-Bit Axe
40:47 Chain Barding Armor
41:03 Iron Casting
41:36 Loom
42:06 Hand Cart
41:53 Town Patrol
42:26 Cavalier
50:18 Heavy Plow
50:31 Bow Saw
49:46 Paladin
52:50 Iron Casting
52:52 Plate Barding Armor
54:33 Blast Furnace
Connection lost

Rejoining the realm…

Still unreachable

The connection could not be restored.

Session expired

The server has moved on; the page needs a fresh start.